General information
- name: BNet
- type: Ladder team game (AT/RT)
- host: Battle.net
- saver: IMovedMyPeons
map: Deadlands
- players: 8
- length: 71:34
- speed: Fast
- version: 1.27 W3XP
- replay type: Public
» download(322 KB)
Players
team 1 (loser)

»
aerothoz (
orange | 31 APM | 987 actions | 31:31)
5 Keeper of the Grove
3 Entangling Roots
2 Thorns Aura
4 Naga Sea Witch
2 Frost Arrows
2 Forked Lightning
» actions
| Basic commands | 30 | |
| Build / train | 92 | |
| Enter build submenu | 26 | |
| Enter hero's abilities submenu | 9 | |
| Remove unit from queue | 2 | |
| Right click | 325 | |
| Select / deselect | 411 | |
| Use ability | 92 | |
987 total
» units
| Wisp | 26 | |
| Archer | 8 | |
| Druid of the Talon | 13 | |
| Chimaera | 13 | |
| Hippogryph | 5 | |
65 total
» upgrades
| Strength of the Wild | 3 | |
| Well Spring | 1 | |
| Corrosive Breath | 1 | |
| Druid of the Talon Training | 2 | |
| Mark of the Talon | 1 | |
| Reinforced Hides | 1 | |
9 total
» buildings
| Moon Well | 11 | |
| Altar of Elders | 1 | |
| Ancient of War | 2 | |
| Tree of Ages | 2 | |
| Hunter's Hall | 2 | |
| Tree of Eternity | 1 | |
| Ancient of Wind | 2 | |
| Tree of Life | 2 | |
| Chimaera Roost | 2 | |
25 total
» build order
00:12 Moon Well
00:18 Altar of Elders
01:02 Ancient of War
01:30 Moon Well
01:53 Moon Well
03:29 Tree of Ages
04:24 Moon Well
04:33 Hunter's Hall
06:02 Tree of Eternity
06:19 Ancient of Wind
06:41 Moon Well
08:21 Tree of Life
08:39 Chimaera Roost
08:46 Chimaera Roost
09:11 Moon Well
10:33 Moon Well
18:32 Ancient of Wind
20:42 Moon Well
24:10 Moon Well
25:28 Tree of Life
29:23 Moon Well
30:37 Tree of Ages
30:41 Ancient of War
30:47 Hunter's Hall
30:53 Moon Well
» items
| Scroll of Town Portal | 1 | |
| Potion of Lesser Invulnerability | 1 | |
2 total
ILOVEDONNYTRUMP (
yellow | 71 APM | 5075 actions | 71:32)
11 Warden
3 Shadow Strike
3 Blink
2 Spirit of Vengeance
3 Fan of Knives
» actions
| Assign group hotkey | 36 | |
| Basic commands | 153 | |
| Build / train | 290 | |
| ESC pressed | 10 | |
| Enter build submenu | 149 | |
| Enter hero's abilities submenu | 9 | |
| Give item / drop item | 7 | |
| Right click | 2816 | |
| Select / deselect | 1016 | |
| Select group hotkey | 114 | |
| Use ability | 474 | |
5075 total
» units
| Wisp | 185 | |
| Faerie Dragon | 2 | |
| Chimaera | 22 | |
| Peon | 3 | |
| Draenei Darkslayer | 1 | |
213 total
» upgrades
| Ultravision | 2 | |
| Well Spring | 1 | |
| Corrosive Breath | 1 | |
| Nature's Blessing | 1 | |
| Reinforced Hides | 2 | |
| Strength of the Wild | 3 | |
| Druid of the Talon Training | 1 | |
11 total
» buildings
| Moon Well | 14 | |
| Altar of Elders | 2 | |
| Ancient of Wonders | 2 | |
| Tree of Ages | 6 | |
| Hunter's Hall | 3 | |
| Ancient of Wind | 3 | |
| Tree of Eternity | 2 | |
| Chimaera Roost | 6 | |
| Tree of Life | 5 | |
| Ancient Protector | 108 | |
| Scout Tower | 38 | |
| Guard Tower | 11 | |
200 total
» build order
00:39 Moon Well
00:43 Altar of Elders
01:14 Ancient of Wonders
02:05 Moon Well
02:49 Tree of Ages
02:50 Tree of Ages
03:11 Hunter's Hall
03:34 Moon Well
03:52 Moon Well
05:22 Ancient of Wind
05:25 Ancient of Wind
06:04 Tree of Eternity
09:09 Chimaera Roost
09:11 Chimaera Roost
09:13 Chimaera Roost
09:39 Moon Well
09:42 Moon Well
10:10 Tree of Life
11:16 Tree of Life
11:49 Ancient Protector
11:58 Ancient Protector
11:59 Ancient Protector
12:54 Tree of Life
14:39 Ancient Protector
15:14 Ancient Protector
15:17 Ancient Protector
16:12 Ancient Protector
16:19 Ancient Protector
17:59 Ancient Protector
18:04 Ancient Protector
23:09 Ancient Protector
23:09 Ancient Protector
23:13 Ancient Protector
23:13 Ancient Protector
23:14 Ancient Protector
23:15 Ancient Protector
23:16 Ancient Protector
23:18 Ancient Protector
23:23 Ancient Protector
23:24 Ancient Protector
23:41 Ancient Protector
25:20 Ancient Protector
25:20 Ancient Protector
25:22 Ancient Protector
25:23 Ancient Protector
25:26 Ancient Protector
25:39 Moon Well
25:39 Moon Well
25:40 Ancient of Wonders
25:46 Moon Well
26:12 Moon Well
26:21 Ancient Protector
26:22 Ancient Protector
26:24 Ancient Protector
26:25 Ancient Protector
26:26 Ancient Protector
26:27 Ancient Protector
26:28 Ancient Protector
26:29 Ancient Protector
26:34 Ancient Protector
26:37 Ancient Protector
26:51 Tree of Ages
26:51 Tree of Ages
27:03 Hunter's Hall
27:48 Altar of Elders
28:07 Ancient Protector
28:11 Ancient Protector
28:24 Ancient Protector
28:25 Ancient Protector
28:29 Ancient Protector
28:31 Ancient Protector
28:45 Moon Well
28:47 Ancient Protector
29:33 Ancient Protector
29:36 Tree of Eternity
29:43 Ancient Protector
29:45 Ancient Protector
29:46 Ancient Protector
29:59 Ancient Protector
30:00 Ancient Protector
30:05 Ancient Protector
30:21 Ancient Protector
30:27 Ancient Protector
30:48 Ancient Protector
30:52 Ancient Protector
31:35 Ancient Protector
32:42 Ancient Protector
32:43 Ancient Protector
32:43 Ancient Protector
32:44 Ancient Protector
32:45 Ancient Protector
32:45 Ancient Protector
33:02 Moon Well
33:03 Moon Well
33:03 Moon Well
33:32 Ancient Protector
33:34 Ancient Protector
34:39 Ancient Protector
34:40 Ancient Protector
34:40 Ancient Protector
35:00 Ancient of Wind
36:32 Chimaera Roost
36:34 Chimaera Roost
36:38 Chimaera Roost
36:45 Ancient Protector
36:47 Ancient Protector
36:54 Scout Tower
36:55 Scout Tower
36:55 Scout Tower
36:56 Scout Tower
36:56 Scout Tower
36:57 Scout Tower
36:58 Scout Tower
37:25 Guard Tower
37:28 Scout Tower
37:28 Scout Tower
37:29 Scout Tower
37:30 Scout Tower
37:31 Scout Tower
37:34 Guard Tower
37:36 Scout Tower
37:47 Guard Tower
37:48 Scout Tower
37:59 Guard Tower
38:16 Guard Tower
38:39 Guard Tower
38:43 Scout Tower
38:43 Scout Tower
38:44 Scout Tower
38:45 Scout Tower
38:45 Scout Tower
38:49 Guard Tower
39:17 Guard Tower
39:19 Scout Tower
39:19 Scout Tower
39:20 Scout Tower
39:21 Scout Tower
39:52 Guard Tower
40:17 Scout Tower
40:17 Scout Tower
40:17 Scout Tower
40:17 Scout Tower
40:18 Scout Tower
40:19 Scout Tower
40:19 Scout Tower
40:19 Scout Tower
40:21 Scout Tower
41:04 Ancient Protector
41:05 Ancient Protector
41:05 Ancient Protector
41:06 Ancient Protector
41:06 Ancient Protector
41:07 Guard Tower
43:17 Guard Tower
48:40 Ancient Protector
48:43 Tree of Life
48:52 Ancient Protector
48:52 Ancient Protector
48:54 Ancient Protector
49:13 Ancient Protector
49:13 Ancient Protector
49:14 Ancient Protector
49:18 Ancient Protector
49:19 Ancient Protector
49:35 Ancient Protector
49:38 Ancient Protector
49:41 Ancient Protector
49:45 Ancient Protector
50:14 Ancient Protector
51:15 Hunter's Hall
52:03 Ancient Protector
52:03 Ancient Protector
52:05 Ancient Protector
52:19 Ancient Protector
52:19 Ancient Protector
52:20 Ancient Protector
52:22 Ancient Protector
53:06 Ancient Protector
53:06 Ancient Protector
53:07 Ancient Protector
53:08 Ancient Protector
53:08 Ancient Protector
53:14 Ancient Protector
53:14 Ancient Protector
53:58 Ancient Protector
53:59 Ancient Protector
54:00 Ancient Protector
55:34 Ancient Protector
55:34 Ancient Protector
55:34 Ancient Protector
61:48 Tree of Life
68:52 Scout Tower
69:31 Scout Tower
69:32 Scout Tower
69:33 Scout Tower
70:06 Scout Tower
70:09 Scout Tower
» items
| Lesser Clarity Potion | 4 | |
| Circlet of Nobility | 2 | |
| Boots of Speed | 3 | |
| Staff of Teleportation | 1 | |
| Potion of Healing | 4 | |
| Orb of Venom | 1 | |
| Potion of Mana | 1 | |
| Scroll of Town Portal | 9 | |
25 total
Clu (
blue | 113 APM | 3568 actions | 31:26)
5 Archmage
3 Summon Water Elemental
2 Brilliance Aura
3 Mountain King
2 Storm Bolt
1 Bash
2 Paladin
1 Holy Light
1 Divine Shield
» actions
| Assign group hotkey | 90 | |
| Basic commands | 161 | |
| Build / train | 161 | |
| ESC pressed | 1 | |
| Enter build submenu | 57 | |
| Enter hero's abilities submenu | 10 | |
| Give item / drop item | 7 | |
| Right click | 1292 | |
| Select / deselect | 581 | |
| Select group hotkey | 1018 | |
| Use ability | 190 | |
3568 total
» units
| Peasant | 37 | |
| Footman | 5 | |
| Goblin Shredder | 1 | |
| Goblin Zeppelin | 2 | |
| Spell Breaker | 1 | |
| Knight | 2 | |
| Flying Machine | 10 | |
| Mortar Team | 4 | |
62 total
» upgrades
| Defend | 1 | |
| Masonry | 3 | |
| Plating | 3 | |
| Gunpowder | 4 | |
| Lumber Harvesting | 2 | |
| Flare | 1 | |
| Magic Sentry | 1 | |
| Priest Training | 2 | |
| Animal War Training | 1 | |
| Fragmentation Shards | 1 | |
| Swords | 2 | |
| Long Rifles | 1 | |
| Backpack | 1 | |
| Flak Cannons | 1 | |
| Barrage | 1 | |
| Sorceress Training | 2 | |
| Control Magic | 1 | |
| Armor | 1 | |
| Flying Machine Bombs | 1 | |
| Cloud | 1 | |
| Storm Hammers | 1 | |
32 total
» buildings
| Lumber Mill | 2 | |
| Altar of Kings | 1 | |
| Farm | 13 | |
| Barracks | 1 | |
| Scout Tower | 47 | |
| Arcane Vault | 2 | |
| Arcane Tower | 3 | |
| Town Hall | 4 | |
| Keep | 3 | |
| Blacksmith | 1 | |
| Guard Tower | 17 | |
| Arcane Sanctum | 1 | |
| Workshop | 3 | |
| Castle | 2 | |
| Gryphon Aviary | 2 | |
102 total
» build order
00:25 Lumber Mill
00:39 Altar of Kings
00:57 Farm
01:12 Farm
01:13 Barracks
01:51 Farm
01:55 Scout Tower
02:12 Arcane Vault
03:47 Farm
03:54 Farm
03:56 Arcane Tower
04:58 Scout Tower
04:59 Scout Tower
05:00 Scout Tower
06:09 Town Hall
06:15 Scout Tower
06:16 Scout Tower
06:16 Scout Tower
06:17 Scout Tower
06:17 Scout Tower
06:18 Scout Tower
06:37 Keep
06:38 Keep
06:40 Scout Tower
06:41 Scout Tower
07:20 Farm
07:20 Farm
07:36 Blacksmith
07:40 Lumber Mill
08:00 Arcane Tower
08:02 Guard Tower
08:06 Farm
08:07 Farm
08:11 Arcane Vault
08:24 Guard Tower
08:24 Guard Tower
08:26 Guard Tower
08:29 Guard Tower
09:35 Farm
09:43 Arcane Sanctum
09:46 Workshop
10:15 Castle
10:15 Castle
10:23 Farm
10:24 Farm
10:45 Workshop
10:46 Workshop
12:55 Farm
14:23 Gryphon Aviary
14:24 Gryphon Aviary
15:07 Scout Tower
15:08 Scout Tower
15:08 Scout Tower
15:52 Scout Tower
15:53 Scout Tower
15:54 Scout Tower
15:56 Scout Tower
15:57 Scout Tower
15:59 Scout Tower
16:00 Scout Tower
16:29 Guard Tower
16:33 Arcane Tower
16:35 Guard Tower
16:54 Guard Tower
16:57 Scout Tower
16:58 Scout Tower
17:00 Scout Tower
17:00 Scout Tower
17:05 Scout Tower
17:06 Scout Tower
17:08 Scout Tower
17:10 Scout Tower
17:13 Scout Tower
17:14 Scout Tower
17:15 Scout Tower
17:17 Guard Tower
17:36 Guard Tower
17:44 Scout Tower
17:45 Scout Tower
17:48 Scout Tower
17:50 Scout Tower
17:53 Scout Tower
18:28 Scout Tower
18:30 Scout Tower
18:31 Scout Tower
18:32 Scout Tower
18:33 Scout Tower
18:34 Scout Tower
18:35 Scout Tower
19:06 Guard Tower
19:09 Guard Tower
19:11 Town Hall
19:35 Guard Tower
20:01 Scout Tower
20:03 Guard Tower
20:07 Guard Tower
20:36 Guard Tower
21:48 Town Hall
22:50 Town Hall
» items
| Scroll of Regeneration | 3 | |
| Lesser Clarity Potion | 1 | |
| Orb of Venom | 1 | |
| Periapt of Vitality | 2 | |
| Boots of Speed | 1 | |
| Staff of Sanctuary | 1 | |
| Potion of Lesser Invulnerability | 1 | |
| Staff of Teleportation | 1 | |
| Scroll of Town Portal | 1 | |
12 total

»
lordtrundel (
green | 24 APM | 747 actions | 31:36)
3 Tauren Chieftain
1 Shockwave
2 Endurance Aura
» actions
| Basic commands | 24 | |
| Build / train | 67 | |
| ESC pressed | 3 | |
| Enter build submenu | 44 | |
| Enter hero's abilities submenu | 3 | |
| Remove unit from queue | 1 | |
| Right click | 260 | |
| Select / deselect | 292 | |
| Use ability | 53 | |
747 total
» units
| Peon | 16 | |
| Grunt | 20 | |
| Troll Headhunter/Berserker | 3 | |
| Shaman | 7 | |
| Troll Witch Doctor | 1 | |
47 total
» upgrades
| Pillage | 1 | |
| Spiked Barricades | 2 | |
| Armor | 1 | |
| Berserker Strength | 1 | |
| Melee Weapons | 1 | |
| Shaman Training | 2 | |
| Witch Doctor Training | 2 | |
| Burning Oil | 1 | |
11 total
» buildings
| Orc Burrow | 9 | |
| Barracks | 1 | |
| Altar of Storms | 1 | |
| War Mill | 1 | |
| Watch Tower | 22 | |
| Stronghold | 1 | |
| Great Hall | 3 | |
| Voodoo Lounge | 2 | |
| Fortress | 1 | |
| Spirit Lodge | 2 | |
43 total
» build order
00:24 Orc Burrow
00:39 Barracks
01:09 Altar of Storms
01:40 Orc Burrow
02:30 War Mill
02:44 Orc Burrow
03:47 Watch Tower
04:26 Orc Burrow
05:06 Watch Tower
05:52 Stronghold
07:34 Great Hall
07:40 Watch Tower
07:56 Voodoo Lounge
08:02 Orc Burrow
08:19 Watch Tower
08:58 Orc Burrow
09:14 Watch Tower
09:28 Orc Burrow
09:39 Watch Tower
10:08 Watch Tower
12:21 Fortress
13:34 Watch Tower
13:38 Watch Tower
13:44 Watch Tower
14:32 Spirit Lodge
15:04 Watch Tower
15:15 Voodoo Lounge
16:51 Watch Tower
16:58 Watch Tower
17:10 Spirit Lodge
17:25 Watch Tower
18:33 Watch Tower
18:49 Watch Tower
20:08 Watch Tower
20:25 Watch Tower
21:40 Watch Tower
26:22 Watch Tower
28:48 Watch Tower
28:54 Great Hall
28:57 Orc Burrow
29:23 Great Hall
29:57 Orc Burrow
30:00 Watch Tower
» items
| Orb of Lightning | 1 | |
| Scroll of Town Portal | 1 | |
2 total
team 2 (winner)

»
Cabrakan (
teal | 18 APM | 1323 actions | 71:32)
10 Death Knight
3 Death Coil
3 Unholy Aura
1 Animate Dead
3 Death Pact
» actions
| Assign group hotkey | 8 | |
| Basic commands | 11 | |
| Build / train | 66 | |
| Enter build submenu | 19 | |
| Enter hero's abilities submenu | 10 | |
| Give item / drop item | 1 | |
| Remove unit from queue | 5 | |
| Right click | 691 | |
| Select / deselect | 236 | |
| Select group hotkey | 197 | |
| Use ability | 79 | |
1323 total
» units
| Acolyte | 3 | |
| Ghoul | 3 | |
| Crypt Fiend | 24 | |
30 total
» upgrades
| Creature Attack | 3 | |
| Creature Carapace | 3 | |
| Web | 1 | |
7 total
» buildings
| Crypt | 1 | |
| Altar of Darkness | 1 | |
| Ziggurat | 10 | |
| Tomb of Relics | 2 | |
| Graveyard | 1 | |
| Halls of the Dead | 1 | |
| Black Citadel | 1 | |
| Nerubian Tower | 3 | |
| Spirit Tower | 6 | |
| Necropolis | 2 | |
28 total
» build order
00:51 Crypt
00:54 Altar of Darkness
01:00 Ziggurat
01:06 Tomb of Relics
01:28 Graveyard
01:36 Ziggurat
04:23 Ziggurat
04:55 Halls of the Dead
05:24 Ziggurat
08:00 Ziggurat
09:26 Black Citadel
09:30 Ziggurat
10:43 Ziggurat
11:34 Nerubian Tower
11:36 Nerubian Tower
11:38 Spirit Tower
11:39 Spirit Tower
13:13 Spirit Tower
13:42 Spirit Tower
18:55 Tomb of Relics
19:01 Spirit Tower
22:54 Ziggurat
22:56 Ziggurat
26:43 Necropolis
27:48 Nerubian Tower
27:50 Spirit Tower
38:53 Necropolis
40:50 Ziggurat
» items
| Rod of Necromancy | 1 | |
| Scroll of Town Portal | 4 | |
5 total

»
PresidentTrump_ (
purple | 69 APM | 4929 actions | 71:32)
8 Demon Hunter
3 Mana Burn
3 Evasion
1 Metamorphosis
1 Immolation
7 Pandaren Brewmaster
3 Breath of Fire
2 Drunken Haze
1 Storm Earth and Fire
1 Drunken Brawler
5 Goblin Tinker
3 Pocket Factory
2 Engineering Upgrade
» actions
| Assign group hotkey | 511 | |
| Basic commands | 98 | |
| Build / train | 179 | |
| Enter build submenu | 47 | |
| Enter hero's abilities submenu | 22 | |
| Give item / drop item | 4 | |
| Right click | 2380 | |
| Select / deselect | 845 | |
| Select group hotkey | 635 | |
| Use ability | 208 | |
4929 total
» units
| Wisp | 69 | |
| Archer | 8 | |
| Huntress | 2 | |
| Hippogryph | 12 | |
| Chimaera | 7 | |
| Druid of the Talon | 4 | |
| Glaive Thrower | 4 | |
| Draenei Darkslayer | 1 | |
| Voidwalker | 1 | |
| Fel Beast | 2 | |
| Draenei Disciple | 2 | |
112 total
» upgrades
| Sentinel | 1 | |
| Strength of the Wild | 3 | |
| Reinforced Hides | 3 | |
| Corrosive Breath | 1 | |
| Nature's Blessing | 1 | |
| Druid of the Talon Training | 2 | |
| Strength of the Moon | 3 | |
| Well Spring | 1 | |
| Ultravision | 1 | |
| Vorpal Blades | 1 | |
| Moon Armor | 1 | |
18 total
» buildings
| Altar of Elders | 1 | |
| Moon Well | 21 | |
| Ancient of War | 3 | |
| Ancient of Wonders | 2 | |
| Tree of Ages | 1 | |
| Hunter's Hall | 1 | |
| Tree of Life | 12 | |
| Ancient Protector | 11 | |
| Tree of Eternity | 2 | |
| Ancient of Wind | 2 | |
| Chimaera Roost | 3 | |
59 total
» build order
00:19 Altar of Elders
00:24 Moon Well
00:48 Ancient of War
02:31 Moon Well
02:43 Ancient of Wonders
04:10 Moon Well
04:12 Moon Well
04:47 Tree of Ages
05:21 Hunter's Hall
07:40 Tree of Life
09:36 Ancient Protector
09:40 Ancient Protector
09:42 Ancient Protector
09:45 Ancient Protector
10:05 Tree of Eternity
10:06 Tree of Eternity
10:11 Moon Well
10:12 Moon Well
10:12 Moon Well
10:13 Moon Well
11:22 Ancient Protector
11:23 Ancient Protector
12:11 Ancient Protector
12:12 Ancient Protector
12:34 Ancient of Wind
13:31 Ancient of Wind
14:10 Ancient Protector
14:12 Ancient Protector
18:22 Tree of Life
18:49 Chimaera Roost
18:49 Chimaera Roost
22:33 Tree of Life
28:49 Chimaera Roost
31:59 Tree of Life
36:36 Tree of Life
38:49 Ancient of War
38:51 Ancient of War
42:58 Tree of Life
43:02 Tree of Life
43:41 Ancient Protector
46:11 Tree of Life
46:38 Tree of Life
48:53 Tree of Life
48:56 Moon Well
48:56 Moon Well
48:57 Moon Well
49:29 Tree of Life
51:41 Moon Well
51:42 Moon Well
51:48 Moon Well
51:50 Moon Well
52:45 Tree of Life
53:40 Moon Well
53:44 Moon Well
57:35 Moon Well
57:35 Moon Well
60:08 Moon Well
60:10 Moon Well
63:38 Ancient of Wonders
» items
| Staff of Teleportation | 2 | |
| Potion of Healing | 6 | |
| Staff of Preservation | 1 | |
| Scroll of Town Portal | 6 | |
| Orb of Venom | 2 | |
| Anti-magic Potion | 2 | |
| Lesser Clarity Potion | 1 | |
| Potion of Mana | 1 | |
| Potion of Lesser Invulnerability | 1 | |
22 total
Chat log
(00:56 / All) ILOVEDONNYTRUMP: gl all
(01:09 / All) ILOVEDONNYTRUMP: make warcraft great again!
(01:17 / All) PresidentTrump_: i'm going to build a wall of towers
(01:39 / All) ILOVEDONNYTRUMP: u gonna make mexico pay for it?
(01:41 / All) PresidentTrump_: bottom side of map is mexico
(01:48 / All) PresidentTrump_: yeah pay me in items
(17:46 / All) lordtrundel: wtf yellow?
(17:53 / All) ILOVEDONNYTRUMP: oh woops wrong team
(18:19 / All) ILOVEDONNYTRUMP: mb
(24:51 / Allies) Cabrakan: feed me
(27:57 / Allies) Cabrakan: feed me
(28:09 / Allies) PresidentTrump_: no gold
(29:40 / Allies) Cabrakan: back
(29:59 / Allies) Cabrakan: go
(30:04 / Allies) Cabrakan: lead
(38:11 / Allies) Cabrakan: can you feed me now please
(46:45 / Allies) Cabrakan: wtf bro?
(46:52 / Allies) PresidentTrump_: ?
(46:58 / Allies) Cabrakan: you are sitting at 5k
(47:13 / Allies) PresidentTrump_: yeah have 3 expo ip
(53:15 / All) IMovedMyPeons: Yellow = Jacob Campbell?
(53:40 / All) Cabrakan: that fucker is there
(53:42 / All) Cabrakan: lol
(53:50 / All) ILOVEDONNYTRUMP: u will never win
(53:59 / All) IMovedMyPeons: Purple = new stabbin bro?
(54:53 / All) ILOVEDONNYTRUMP: i would never be able to revive my warden lol
(55:03 / All) IMovedMyPeons: Yellow Flamechamp?
(55:13 / All) PresidentTrump_: flamechamp
(55:17 / All) PresidentTrump_: now thats an old name
(55:52 / All) IMovedMyPeons: did purple tk you teal
(56:04 / All) IMovedMyPeons: wasn't watching
(56:09 / All) Cabrakan: yeah he is an asshole just like you
(56:14 / All) IMovedMyPeons: lol
(56:21 / All) IMovedMyPeons: I think him and yel are buds
(56:32 / Allies) IMovedMyPeons: |
(56:36 / All) IMovedMyPeons: yellow seems to be flamechamp
(56:40 / All) IMovedMyPeons: but maybe not
(57:11 / All) IMovedMyPeons: both are on 0-0 accounts, same theme
(57:19 / All) PresidentTrump_: well done
(57:21 / All) IMovedMyPeons: both night elfs turtling chokes
(57:53 / All) IMovedMyPeons: o purple didn't turtle chokes
(57:56 / All) IMovedMyPeons: he's just mass expoin
(58:22 / All) Cabrakan: again he is an asshole just like
(58:26 / All) Cabrakan: later
(58:32 / All) IMovedMyPeons: Take it back
(58:37 / All) IMovedMyPeons: You keep calling me an asshole
(58:47 / All) PresidentTrump_: teal you think you can win from this position?
(58:56 / All) IMovedMyPeons: I'm not an asshole, I just find it comforting to have 4v4RT games playing while I alt tab
(58:57 / All) PresidentTrump_: i will gladly give you the chance
(59:46 / All) IMovedMyPeons: yellow are you a fat batty boy?
(59:51 / All) ILOVEDONNYTRUMP: no
(59:55 / All) ILOVEDONNYTRUMP: are you
(60:03 / All) IMovedMyPeons: Jacob Campbell is
(61:07 / All) IMovedMyPeons: who is you guys
(61:31 / All) PresidentTrump_: just some scrubs chasing after the glory days of 4v4 rt
(61:42 / All) IMovedMyPeons: throw a name out
(62:28 / Allies) IMovedMyPeons: teal you not gonna win
(62:32 / Allies) IMovedMyPeons: you should leave
(62:38 / Allies) IMovedMyPeons: and join a new game
(62:50 / Allies) IMovedMyPeons: they searched together
(62:51 / Allies) PresidentTrump_: he is determined
(63:01 / Allies) PresidentTrump_: its going to end in mexican standoff
(63:08 / Allies) IMovedMyPeons: impossible
(63:10 / Allies) IMovedMyPeons: his team all left
(63:47 / All) IMovedMyPeons: you guys can't do mexican standoff
(63:59 / All) IMovedMyPeons: unless you're staying yellow
(64:10 / All) ILOVEDONNYTRUMP: i got all night u know
(64:14 / All) PresidentTrump_: did you know
(64:17 / All) PresidentTrump_: that
(64:27 / All) PresidentTrump_: games can go on for days
(64:36 / All) PresidentTrump_: and eventually wc3 crashes
(64:38 / All) IMovedMyPeons: waht's the fun in doing hte mexican standoff yourself
(65:04 / All) IMovedMyPeons: Yeah I've had some long mexican standoffs that ended because of server issues
(65:06 / All) IMovedMyPeons: apparently
(65:12 / All) PresidentTrump_: yeah its nuts
(65:24 / All) PresidentTrump_: this map is nice in that you can perch
(65:37 / Allies) IMovedMyPeons: Is y ellow flamechamp?
(65:43 / Allies) PresidentTrump_: he is not
(65:53 / Allies) PresidentTrump_: i havent heard of/from him in years
(65:57 / Allies) IMovedMyPeons: what are you guys more generally known by
(66:11 / Allies) IMovedMyPeons: ever heard of turncoat/angrypeons
(66:22 / Allies) PresidentTrump_: have not
(66:27 / Allies) IMovedMyPeons: TT
(66:31 / Allies) IMovedMyPeons: how you know flamechamp?
(66:31 / Allies) PresidentTrump_: but do you remembered
(66:32 / All) ILOVEDONNYTRUMP: any last word
(66:37 / Allies) PresidentTrump_: charbroiled
(66:42 / Allies) PresidentTrump_: or dorian12
(66:46 / Allies) IMovedMyPeons: dorian12
(66:49 / Allies) PresidentTrump_: fucking loved stabbing those guys
(66:53 / Allies) IMovedMyPeons: yeah
(66:57 / Allies) IMovedMyPeons: both
(67:13 / Allies) IMovedMyPeons: dorian12 is a big shit talker when he thinks he won
(67:23 / Allies) IMovedMyPeons: even when carried
(67:27 / Allies) PresidentTrump_: yes lol
(67:32 / All) ILOVEDONNYTRUMP: gg
(67:36 / All) PresidentTrump_: gg
(67:48 / All) IMovedMyPeons: what other handles do you guys go by
(67:51 / All) IMovedMyPeons: I might know you
(68:17 / All) IMovedMyPeons: naggers
(68:38 / All) PresidentTrump_: is highper.ch still a thing
(68:47 / All) IMovedMyPeons: yeah I just uploaded some reps
(68:54 / All) PresidentTrump_: sweet
(69:12 / All) IMovedMyPeons: I hadn't played since may or so until recently
(69:29 / All) PresidentTrump_: yeah its hard nowadays
(69:35 / All) PresidentTrump_: i try for once a month
(70:25 / All) ILOVEDONNYTRUMP: u guys giving up
(70:35 / All) PresidentTrump_: ya im giving up
(70:37 / All) IMovedMyPeons: well there's only 1 here that cares
(70:54 / All) PresidentTrump_: i wish i could understand the mindset
(70:58 / All) PresidentTrump_: of staying
(71:01 / All) PresidentTrump_: in a stabbed game
(71:12 / All) ILOVEDONNYTRUMP: my trees really want that last hit
(71:26 / All) PresidentTrump_: you gonna need more towers bruh